 Dungeon Crawl Stone Soup version 0.23-a0-164-g7711e57 (webtiles) character file.

166 iamserjio the Covered (level 5, -4/63 HPs)
             Began as a Barachi Fighter on Sept 9, 2018.
             Slain by a gnoll
             ... wielding a +0 halberd
              (6 damage)
             ... on level 3 of the Dungeon.
             The game lasted 00:05:15 (2042 turns).

iamserjio the Covered (Barachi Fighter)             Turns: 2042, Time: 00:05:16

Health: -4/63      AC: 22    Str: 19    XL:     5   Next: 47%
Magic:  5/5        EV:  2    Int:  8    God:
Gold:   54         SH:  9    Dex: 11    Spells: 4/4 levels left

rFire    . . .     SeeInvis .   a - +0 war axe
rCold    . . .     Gourm    .   c - +0 shield
rNeg     + + +     Faith    .   (armour currently unavailable)
rPois    +         Spirit   .   (helmet currently unavailable)
rElec    .         Reflect  .   (cloak currently unavailable)
rCorr    .         Harm     .   (gloves currently unavailable)
MR       .....     NoTele   +   (boots currently unavailable)
Stlth    +.........             (no amulet)
HPRegen  0.20/turn              (no ring)
MPRegen  0.09/turn              (no ring)

@: lethally poisoned (-4 -> -5), tree-form (expiring), hasted and slowed
A: +LOS, swims
a: no special abilities


You were on level 3 of the Dungeon.
You were not hungry.
You were a tree.
You visited 1 branch of the dungeon, and saw 3 of its levels.

You collected 54 gold pieces.

Inventory:

Hand Weapons
 a - a +0 war axe (weapon)
Armour
 b - a +0 scale mail (melded)
 c - a +0 shield (worn)
 g - a +1 helmet (melded)
 r - a +0 pair of gloves (melded)
Jewellery
 p - a +5 ring of protection {unknown}
Scrolls
 e - a scroll of immolation
 j - 4 scrolls of remove curse {@r2}
 l - a scroll of enchant armour
Potions
 d - 2 potions of might
Comestibles
 f - a ration
 h - 6 chunks of flesh


   Skills:
 - Level 4.0 Fighting
 * Level 4.4 Axes
 + Level 4.6 Armour
 + Level 4.2 Shields


You had 4 spell levels left.
You didn't know any spells.
Your spell library was empty.

Dungeon Overview and Level Annotations

Branches:
Dungeon (3/15)

Altars:
Ashenzari
Cheibriados
Gozag
Qazlal
Sif Muna


Innate Abilities, Weirdness & Mutations

Shadows flee at your approach. (+LOS)
You can swim through water.
((You cover ground slowly.))
((You can hop short distances.))


Message History

The gnoll hits you but does no damage.
The kobold shoots a curare-tipped needle.
You block the curare-tipped needle. The gnoll hits you but does no damage.
The kobold shoots a curare-tipped needle.
You block the curare-tipped needle. The gnoll hits you but does no damage.
The kobold shoots a curare-tipped needle.
The curare-tipped needle hits you.
You are poisoned.
You feel yourself slow down.
You feel sick.
The kobold shoots a curare-tipped needle.
The curare-tipped needle hits you.
The gnoll hits you from afar with a halberd.
* * * LOW HITPOINT WARNING * * *
* * * LOW HITPOINT WARNING * * *
You feel sick.
The gnoll hits you from afar with a halberd.
You die...

≈≈≈.###'######................###
.............#.........########
#.#..........#.........#
#............#.........#
###........(.).........#
#.........(..........#
#(.........(.....########
#######.....((..........##
#..........#♣..)......'.
#..........#.##....K..##
#..........#g##.......#
#..........#g##.......#
#......#####r#########.. #......#
#r# . #......# #)# #......#
#.)....... #......# #......?..


You could see 2 gnolls, 2 quokkas and a kobold.

Vanquished Creatures
  An orc wizard (D:3)
  2 gnolls (D:3)
  4 adders
  3 dart slugs
  2 leopard geckos
  2 orcs (D:3)
  7 bats
  3 giant cockroaches
  10 hobgoblins
  2 jackals (D:1)
  5 kobolds
  3 quokkas
  A ball python (D:1)
  10 frilled lizards
  11 goblins
  6 rats
72 creatures vanquished.

Notes
Turn   | Place    | Note
-------+----------+-------------------------------------------
     0 | D:1      | iamserjio the Barachi Fighter began the quest for the Orb.
     0 | D:1      | Reached XP level 1. HP: 18/18 MP: 1/1
   150 | D:1      | Reached XP level 2. HP: 23/25 MP: 2/2
   368 | D:1      | Reached XP level 3. HP: 29/30 MP: 3/3
  1110 | D:2      | Found a shattered altar of Ashenzari.
  1180 | D:2      | Found a deep blue altar of Sif Muna.
  1228 | D:2      | Reached XP level 4. HP: 37/37 MP: 4/4
  1445 | D:2      | Found a snail-covered altar of Cheibriados.
  1445 | D:2      | Found a faded altar of an unknown god.
  1450 | D:2      | Found an opulent altar of Gozag.
  1452 | D:2      | Found a faded altar of an unknown god.
  1454 | D:2      | Found a stormy altar of Qazlal.
  1867 | D:3      | Reached XP level 5. HP: 18/42 MP: 5/5
  1891 | D:3      | Found a snail-covered altar of Cheibriados.
  2027 | D:3      | HP: 3/63 [gnoll/halberd (6)]
  2041 | D:3      | HP: 3/63 [gnoll/halberd (1)]
  2042 | D:3      | Slain by a gnoll

Vault maps used:
D:1:      saegor_arrival_simple_e
D:2:      evilmike_ruin_ashenzari, lemuel_doored_altar,
          chequers_temple_overflow_minitemple, serial_curves, eino_curves_02,
          eino_curves_02
D:3:      lemuel_round_altar, cheibrodos_sewer_entry_drain,
          kennysheep_slug_shrine, uniq_sigmund

Skill      XL: |  1  2  3  4 |
---------------+-------------+-----
Fighting       | 4 |  4.0
Axes           | 3 4 |  4.4
Armour         | 4 |  4.6
Shields        | 4 |  4.2

Action                   |  1- 3 |  4- 6 || total
-------------------------+-------+-------++-------
Melee: War axe           |   156 |   100 ||   256
 Abil: Hop               |       |     1 ||     1
  Use: Potion            |       |     7 ||     7
       Scroll            |       |     5 ||     5
  Eat: Chunk             |     2 |     3 ||     5
Armor: Scale mail        |    90 |    70 ||   160
       Skin              |       |    11 ||    11
Dodge: Dodged            |    55 |    41 ||    96
Block: Shield            |    86 |    99 ||   185

Table legend:
 A = Non-vault XP
 B = Vault XP
 C = Vault XP percentage of total XP
 D = Non-vault monster count
 E = Vault monster count
 F = Vault count percentage of total count
                 A         B        C        D         E       F
            +---------+---------+-------+---------+---------+-------
      Total |     234 |       4 |   1.7 |      71 |       1 |   1.4
            +---------+---------+-------+---------+---------+-------
        D:1 |      47 |       0 |   0.0 |      28 |       0 |   0.0
        D:2 |      44 |       0 |   0.0 |      21 |       0 |   0.0
        D:3 |     143 |       4 |   2.7 |      22 |       1 |   4.3
            +---------+---------+-------+---------+---------+-------
